 Dungeon Crawl Stone Soup version 0.28-a0-1412-gf95308ed99 (webtiles) character file.

Game seed: 8924705956601429947

52 croobank the Skirmisher (level 3, -2/43 HPs)
             Began as a Demonspawn Abyssal Knight on Jan 7, 2022.
             Was a Follower of Lugonu.
             Killed from afar by an orc wizard (7 damage)
             ... with a magic dart
             ... on level 2 of the Dungeon.
             The game lasted 00:07:24 (1943 turns).

croobank the Skirmisher (Demonspawn Abyssal Knight) Turns: 1943, Time: 00:07:34

Health: -2/43      AC:  3    Str: 15    XL:     3   Next: 60%
Magic:  5/5        EV: 13    Int: 11    God:    Lugonu [*.....]
Gold:   54         SH:  0    Dex: 13    Spells: 2/2 levels left

rFire   . . .      SeeInvis .   a - +1 hand axe
rCold   . . .      Faith    .   (no shield)
rNeg    . . .      Spirit   .   i - +0 leather armour
rPois   .          Reflect  .   (no helmet)
rElec   .          Harm     .   (no cloak)
rCorr   .          Rampage  .   (no gloves)
Will    .....                   (no boots)
Stlth   ..........              (no amulet)
HPRegen 0.14/turn               (no ring)
MPRegen 0.09/turn               (no ring)

@: berserking, flying, very quick
A: repulsion field 1
a: Renounce Religion, Depart the Abyss


You were on level 2 of the Dungeon.
You worshipped Lugonu.
Lugonu was aware of your devotion.
You visited 1 branch of the dungeon, and saw 2 of its levels.
You visited the Abyss 1 time.

You collected 54 gold pieces.

Inventory:

Hand Weapons
 a - a +1 hand axe (weapon)
 b - a +0 hunting sling
Missiles
 d - 52 arrows
 f - 55 stones
 h - 10 sling bullets
 k - 4 javelins
Armour
 e - a +0 ring mail
 i - a +0 leather armour (worn)
Scrolls
 g - a scroll of fog {unknown}
 j - a scroll of identify {unknown}
 n - 3 scrolls of summoning {unknown}


   Skills:
 + Level 3.3 Fighting
 + Level 2.2 Axes
 + Level 2.2 Armour
 + Level 1.5 Dodging
 + Level 3.1 Invocations


You had 2 spell levels left.
You didn't know any spells.
Your spell library contained the following spells:

 Spells                   Type           Power      Damage    Failure   Level
 Fireball                 Conj/Fire      0%         3d3       100%        5
 Starburst                Conj/Fire      0%         6d3       100%        6
 Ignition                 Fire           0%         3d3       100%        8


Dungeon Overview and Level Annotations

Branches:
Dungeon (2/15)

Altars:


Innate Abilities, Weirdness & Mutations

You are surrounded by a mild repulsion field. (EV +2)


Message History

Deactivating autopickup; reactivate with Ctrl-A.
You see here a giant cockroach corpse.
Something hits you but does no damage.
You miss something. Something barely misses you. Something hits you.
You hit something but do no damage. Something hits you.
You miss something. Something hits you.
* * * LOW HITPOINT WARNING * * *
You closely miss something. Something hits you but does no damage.
Okay, then.
Okay, then.
You hit something but do no damage. Something hits you.
* * * LOW HITPOINT WARNING * * *
You miss something. Something hits you.
* * * LOW HITPOINT WARNING * * *
Something hits you.
* * * LOW HITPOINT WARNING * * *
Press: ? - help, v - describe, . - travel The floor.
You aren't carrying any items that you can evoke.
Okay, then.
You don't know any spells.
It was a potion of curing.
You feel better. Something hits you.
You hit something. Something hits you.
You hit something. Something hits you.
You hit something. Something hits you.
* * * LOW HITPOINT WARNING * * *
You barely miss something. Something hits you.
* * * LOW HITPOINT WARNING * * *
You miss something. Something hits you but does no damage. Something hits you.
* * * LOW HITPOINT WARNING * * *
It was a potion of flight.
You feel very buoyant.
You fly up into the air.
Something hits you but does no damage.
It was a potion of berserk rage.
A red film seems to cover your vision as you go berserk!
You feel yourself moving faster!
You feel mighty!
You hear some strange, mumbled words.
A magic dart appears from out of thin air!
The magic dart hits you!
You die...

#.# #. ###.### #####.
#.....# #..... #.....#
##.###. #.....# #...##.
#.....# #####......
#.....# #...#...###
####†## #.#........ #@#
#...####### # #{#
####.#### # ##. #†#
#.......# ##
##...##.####.##[...####.
.............?........+.
##...##.#.##.##....####.
##. #..#.##.#..#..# ## #
#)##.##.#.###.# #
#)##.##.#.###.#


There were no monsters in sight!

Vanquished Creatures
  2 dart slugs (D:2)
  4 orcs (D:2)
  An endoplasm (D:1)
  3 giant cockroaches
  A goblin (D:1)
  7 hobgoblins
  6 kobolds (D:1)
  4 quokkas
  4 ball pythons (D:1)
  A bat (D:1)
  A frilled lizard (D:1)
  4 rats (D:1)
38 creatures vanquished.

Notes
Turn   | Place    | Note
-------+----------+-------------------------------------------
     0 | Abyss:1  | croobank the Demonspawn Abyssal Knight began the quest for
                  | the Orb.
     0 | Abyss:1  | Reached XP level 1. HP: 18/18 MP: 2/2
   177 | Abyss:1  | Noticed a large abomination
   183 | Abyss:1  | Noticed a small abomination
   193 | D:1      | Escaped the Abyss
   508 | D:1      | Reached skill level 1 in Dodging
   660 | D:1      | Found a faded altar of an unknown god.
   689 | D:1      | Reached * piety under Lugonu
   690 | D:1      | Gained mutation: You are surrounded by a mild repulsion
                  | field. (EV +2) [demonic ancestry]
   690 | D:1      | Reached XP level 2. HP: 24/24 MP: 4/4
  1393 | D:1      | Reached XP level 3. HP: 26/29 MP: 5/5
  1943 | D:2      | Killed from afar by an orc wizard

Illustrated notes

Levels and vault maps discovered:
D:1:      minmay_arrival_cross, layout_loops_cross,
          shapermc_ecumenical_altar_mp_vishouse
D:2:      layout_loops_corners, st_stairs_5

Skill      XL: |  1  2 |
---------------+-------+-----
Dodging        | 1 |  1.5
Axes           | 2 |  2.2
Armour         | 2 |  2.2
Invocations    | 3 |  3.1
Fighting       | |  3.3

Action                   || total
-------------------------++-------
Melee: Hand axe          ||   106
       Punch             ||     1
 Fire: Hunting sling     ||     3
Invok: Depart the Abyss  ||     1
  Use: Scroll            ||     1
       Potion            ||     3
Armor: Leather armour    ||    24
Dodge: Dodged            ||    62

Table legend: (Time is in decaauts)
 A = Elapsed time spent in this place.
 B = Non-inter-level travel time spent in this place.
 C = Inter-level travel time spent in this place.
 D = Time resting spent in this place.
 E = Time spent auto-exploring this place.
 F = Levels seen in this place.
 G = Mean time per level.
                   A        B        C        D        E       F      G
               +--------+--------+--------+--------+--------+-----+--------+
         Total |   1963 |   1931 |     32 |    474 |   1058 |   3 |  654.3 |
       Dungeon |   1770 |   1738 |     32 |    342 |   1058 |   2 |  885.0 |
         Abyss |    193 |    193 |      0 |    132 |      0 |   1 |  193.0 |
               +--------+--------+--------+--------+--------+-----+--------+

Top non-repeatable levels by time:
     D:1: 1487 daAuts
     D:2: 283 daAuts
 Abyss:1: 193 daAuts
